 Dungeon Crawl Stone Soup version 0.31-a0-187-gba352fbbf7 (webtiles) character file.

Game seed: 12463636496919091310

144 qw the Skirmisher (level 5, -3/29 HPs)
             Began as a Deep Elf Hunter on June 22, 2023.
             Killed from afar by a white imp (10 damage)
             ... with a puff of frost
             ... summoned by Eustachio
             ... on level 3 of the Dungeon.
             The game lasted 00:00:44 (2345 turns).

qw the Skirmisher (Deep Elf Hunter)                 Turns: 2345, Time: 00:00:44

Health: -3/29      AC:  5    Str: 10    XL:     5   Next: 5%
Magic:  7/7        EV: 11    Int: 14    God:
Gold:   150        SH:  0    Dex: 18    Spells: 4/4 levels left

rFire   . . .        Y - +1 shortbow
rCold   . . .        (shield currently unavailable)
rNeg    . . .        g - +0 ring mail
rPois   .            (no helmet)
rElec   .            (no cloak)
rCorr   .            (no gloves)
SInv    .            (no boots)
Will    .....        (no amulet)
Stlth   +            (no ring)
HPRegen 0.24/turn    (no ring)
MPRegen 0.10/turn

%: no passive effects
@: no status effects
A: no striking features
a: no special abilities


You were on level 3 of the Dungeon.
You visited 1 branch of the dungeon, and saw 4 of its levels.

You collected 150 gold pieces.


   Skills:
 - Level 1.5 Fighting
 + Level 8.4 Ranged Weapons
 - Level 2.4 Dodging
 - Level 1.2 Stealth


You had 4 spell levels left.
You didn't know any spells.
Your spell library was empty.

Inventory:

Hand Weapons
 Y - a +1 shortbow (weapon)
Armour
 g - a +0 ring mail (worn)
Potions
 a - a potion of curing {unknown}
 b - a potion of brilliance {unknown}
 d - a potion of haste {unknown}
 h - a potion of might {unknown}

Dungeon Overview and Level Annotations

Branches:
Dungeon (4/15)
 Temple: D:4-7

Altars:
Elyvilon
Zin
The Shining One

Annotations:
D:3 Eustachio


Message History

The ufetubus hits you but does no damage.
The ufetubus barely misses you. The river rat barely misses you.
You shoot an arrow. The arrow hits Eustachio!
Eustachio is heavily wounded.
The ufetubus closely misses you.
The ufetubus hits you but does no damage.
Eustachio casts a spell.
Eustachio blinks!
The river rat bites you! The ufetubus misses you. The ufetubus hits you.
You shoot an arrow. The arrow closely misses Eustachio.
The ufetubus barely misses you. The ufetubus hits you.
Eustachio casts a spell.
The river rat bites you.
The quokka twitches its whiskers.
You shoot an arrow. The arrow hits Eustachio!
Eustachio is severely wounded.
The quokka disappears in a puff of smoke!
The ufetubus completely misses you.
The ufetubus hits you but does no damage.
Eustachio completely misses you.
The river rat bites you but does no damage.
The quokka bites you but does no damage.
You shoot an arrow. The arrow hits Eustachio!
Eustachio is almost dead.
Eustachio mumbles some strange words.
Eustachio blinks!
The river rat barely misses you.
The quokka bites you but does no damage.
You shoot an arrow. The arrow hits Eustachio.
Eustachio is almost dead.
The bat hits you but does no damage.
The quokka bites you but does no damage.
The white imp closely misses you.
Eustachio mumbles some strange words.
Eustachio blinks!
The river rat bites you.
You shoot an arrow.
The arrow hits the white imp but does no damage.
The bat hits you but does no damage. x2; The quokka misses you.
The white imp gestures at you. The puff of frost hits you!
You die...

#####o.~~~##~#........##...#.####
# #o#####~#~###.................
# #~##o##.#~# ##.#..###...#.####
# #~#o#r#o#~####.#.<####.##.# # #
#~#o#g#.#~#...............# # #
#~#o###o#~####@#######.#### #
#%#oo.o##.# #.# #.# #
#~#######~####r# #.# #
##~~~~~.~##br@%# #.# ##
###########55## #<# .# #..# #.r#
##.## ## ##.# #..# ##...## #
###.### #..######.....#### #
#..>..# #..##.##.........#
#######.###.# #....#.#......##.#
........# #.# ##.##.##.#...###.#
#######.###.####.##.##.##.## #.#


You could see Eustachio, a river rat (summoned), a white imp (summoned), an
ufetubus (summoned), a quokka (summoned), a bat (summoned) and a rat (summoned).

Vanquished Creatures
  A bullfrog (D:3)
  2 adders (D:3)
  A river rat (D:3)
  A dart slug (D:3)
  9 orcs (D:3)
  3 ball pythons
  10 endoplasms
  2 goblins (D:3)
  A hobgoblin (D:1)
  A quokka (D:3)
  4 bats
  3 frilled lizards
  4 kobolds
  5 rats (D:3)
47 creatures vanquished.

Notes
Turn   | Place    | Note
-------+----------+-------------------------------------------
     0 | D:1      | qw the Deep Elf Hunter began the quest for the Orb.
     0 | D:1      | Reached XP level 1. HP: 12/12 MP: 3/3
     0 | D:1      | 0 ||| qw: Version: 0.3-a-9-g12657ce
     0 | D:1      | 0 ||| qw: Game counter: 2019
     0 | D:1      | 0 ||| qw: Always use a shield: true
     0 | D:1      | 0 ||| qw: God list: Okawaru
     0 | D:1      | 0 ||| qw: Allow faded altars: false
     0 | D:1      | 0 ||| qw: Do Orc after D:15 true
     0 | D:1      | 0 ||| qw: Do second Lair branch before Depths: true
     0 | D:1      | 0 ||| qw: Lair rune preference: random
     0 | D:1      | 0 ||| qw: Plans: Normal
     0 | D:1      | 0 ||| PLANNING D:1-11
   459 | D:1      | Reached skill level 6 in Ranged Weapons
   459 | D:1      | Reached XP level 2. HP: 16/16 MP: 4/4
   776 | D:1      | 776 ||| UPGRADING to +0 scale mail.
   786 | D:1      | 786 ||| DROPPING +0 leather armour.
   787 | D:1      | 787 ||| READING scroll labelled DOCROA QERIJEG.
   788 | D:1      | 788 ||| DROPPING scroll of butterflies.
   841 | D:2      | Found a white marble altar of Elyvilon.
  1198 | D:2      | 1198 ||| READING scroll labelled QAVORA OQIUV.
  1199 | D:2      | 1199 ||| READING scroll labelled QIDUDOPUIF.
  1200 | D:2      | 1200 ||| READING scroll labelled IMAEMO YDOMUVO.
  1209 | D:3      | 1209 ||| PLANNING SEWER
  1354 | D:3      | Noticed a bullfrog
  1363 | D:3      | HP: 4/16 [bullfrog (3)]
  1364 | D:3      | Killed a bullfrog
  1365 | D:3      | Reached skill level 7 in Ranged Weapons
  1365 | D:3      | Reached XP level 3. HP: 6/20 MP: 5/5
  1365 | D:3      | Reached XP level 4. HP: 7/25 MP: 6/6
  1439 | D:3      | Found a faded altar of an unknown god.
  1655 | D:3      | Found a white marble altar of Elyvilon.
  1655 | D:3      | Found a glowing silver altar of Zin.
  1656 | D:3      | Found a glowing golden altar of the Shining One.
  1833 | D:3      | 1833 ||| RIP SEWER
  1838 | D:3      | 1838 ||| PLANNING D:1-11
  1852 | D:3      | Reached skill level 8 in Ranged Weapons
  2059 | D:3      | 2059 ||| Stepping ~*~*~tactically~*~*~ (water).
  2061 | D:3      | 2061 ||| Stepping ~*~*~tactically~*~*~ (water).
  2063 | D:3      | 2063 ||| Stepping ~*~*~tactically~*~*~ (water).
  2065 | D:3      | 2065 ||| Stepping ~*~*~tactically~*~*~ (water).
  2105 | D:3      | HP: 3/25 [river rat (6)]
  2256 | D:3      | 2256 ||| UPGRADING to +0 ring mail.
  2266 | D:3      | 2266 ||| DROPPING +0 scale mail.
  2267 | D:3      | 2267 ||| READING scroll labelled SIOLIWUIRO.
  2268 | D:3      | 2268 ||| READING scroll labelled CEMIBU ZALILU.
  2321 | D:4      | Noticed Eustachio
  2329 | D:4      | 2329 ||| STAIRDANCE
  2335 | D:3      | Reached XP level 5. HP: 20/29 MP: 7/7
  2341 | D:3      | HP: 7/29 [river rat[Eustachio] (2)]
  2345 | D:3      | Killed from afar by a white imp

Levels and vault maps discovered:
D:1:      dpeg_arrival_ternary, layout_loops_corners
D:2:      layout_basic, basic_altar
D:3:      layout_loops_ring, good_gods_temple_1, gup_sewer_entry_spiral,
          hellmonk_ecumenical_altar_inner_sanctum
D:4:      dreamdust_elfheim, layout_loops_ring, uniq_edmund, uniq_eustachio

Skill      XL: |  1  2  3  4 |
---------------+-------------+-----
Ranged Weapons | 6 7 8 |  8.4
Fighting       | |  1.5
Dodging        | |  2.4
Stealth        | |  1.2

Action                     |  1- 3 |  4- 6 || total
---------------------------+-------+-------++-------
   Fire: Shortbow          |    55 |   107 ||   162
    Use: Scroll            |     4 |     2 ||     6
 Armour: Scale mail        |    18 |    22 ||    40
         Ring mail         |       |    25 ||    25
  Dodge: Dodged            |     9 |    54 ||    63

Table legend:
 A = Non-vault XP
 B = Vault XP
 C = Vault XP percentage of total XP
 D = Non-vault monster count
 E = Vault monster count
 F = Vault count percentage of total count
                 A         B        C        D         E       F
            +---------+---------+-------+---------+---------+-------
      Total |     175 |      32 |  15.5 |      40 |       7 |  14.9
            +---------+---------+-------+---------+---------+-------
        D:1 |      15 |       0 |   0.0 |       8 |       0 |   0.0
        D:2 |       9 |       0 |   0.0 |       7 |       0 |   0.0
        D:3 |     149 |      32 |  17.7 |      24 |       7 |  22.6
        D:4 |       2 |       0 |   0.0 |       1 |       0 |   0.0
            +---------+---------+-------+---------+---------+-------
